 Dungeon Crawl Stone Soup version 0.28.0-1-gb440e238dd (webtiles) character file.

Game seed: 9739415979544519685

10 Morbidden the Sneak (level 2, 22/22 HPs)
             Began as a Demonspawn Brigand on Feb 20, 2022.
             Quit the game on level 1 of the Dungeon.
             The game lasted 00:00:24 (603 turns).

Morbidden the Sneak (Demonspawn Brigand)             Turns: 603, Time: 00:00:25

Health: 22/22      AC:  3    Str: 11    XL:     2   Next: 10%
Magic:  2/2        EV: 11    Int: 12    God:
Gold:   10         SH:  0    Dex: 14    Spells: 1/1 levels left

rFire   . . .      SeeInvis .   a - +2 dagger
rCold   . . .      Faith    .   (no shield)
rNeg    . . .      Spirit   .   b - +0 robe
rPois   .          Reflect  .   (no helmet)
rElec   .          Harm     .   c - +0 cloak
rCorr   .          Rampage  .   (no gloves)
Will    .....                   (no boots)
Stlth   +++.......              (no amulet)
HPRegen 0.07/turn               (no ring)
MPRegen 0.08/turn               (no ring)

@: no status effects
A: demonic touch 1
a: no special abilities


You were on level 1 of the Dungeon.
You visited 1 branch of the dungeon, and saw 1 of its levels.

You collected 10 gold pieces.

Inventory:

Hand Weapons
 a - a +2 dagger (weapon)
Missiles
 d - 8 poisoned darts (quivered)
 e - 2 curare-tipped darts
Armour
 b - a +0 robe (worn)
 c - a +0 cloak (worn)
Scrolls
 g - a scroll of identify {unknown}
 i - a scroll of noise {unknown}
Potions
 f - 2 potions of heal wounds {unknown}
 h - a potion of might {unknown}


   Skills:
 + Level 2.1 Fighting
 + Level 1.8 Short Blades
 + Level 2.0 Throwing
 + Level 0.8 Dodging
 + Level 4.0 Stealth


You had one spell level left.
You didn't know any spells.
Your spell library was empty.

Dungeon Overview and Level Annotations

Branches:
Dungeon (1/15)

Altars:

Shops:
D:1 ?


Innate Abilities, Weirdness & Mutations

Your touch may inflict minor irresistible damage on your foes.


Message History

Your demonic ancestry asserts itself...
Your hands begin to faintly glow with unholy energy.
You hit the hobgoblin.
The hobgoblin is almost dead.
The hobgoblin completely misses you.
You barely miss the hobgoblin.
The hobgoblin is almost dead.
The hobgoblin hits you.
You hit the hobgoblin.
You kill the hobgoblin!
Your Stealth skill increases to level 4!
You barely miss the ball python.
The ball python bites you but does no damage.
The ball python grabs you. The ball python constricts you.
The ball python bites you. The ball python constricts you.
You hit the ball python.
You kill the ball python!
No target in view!
No target in view!
No target in view!
No target in view!
No target in view!
No target in view!
No target in view!
No target in view!
No target in view!
No target in view!
No target in view!
No target in view!
No target in view!
No target in view!
No target in view!
No target in view!
No target in view!
No target in view!
No target in view!
No target in view!
No target in view!
Found 12 arrows.
Are you sure you want to abandon this character and quit the game? (Confirm with "yes".)

############# #...........#
#...........######
#................(
#.........@.......
#................. ########
##......[.......... #.......
#>................. #.......
#...................#.......
#####.###########.......#.......
##.....#### #...............
.............. +.....(.........
.#........#### #..>...#.##.....


There were no monsters in sight!

Vanquished Creatures
  4 ball pythons (D:1)
  A goblin (D:1)
  A hobgoblin (D:1)
  A quokka (D:1)
  A bat (D:1)
  A frilled lizard (D:1)
  A rat (D:1)
10 creatures vanquished.

Notes
Turn   | Place    | Note
-------+----------+-------------------------------------------
     0 | D:1      | Morbidden the Demonspawn Brigand began the quest for the
                  | Orb.
     0 | D:1      | Reached XP level 1. HP: 16/16 MP: 1/1
   123 | D:1      | Found a faded altar of an unknown god.
   328 | D:1      | Found Jaets's Magic Scroll Emporium.
   491 | D:1      | Gained mutation: Your touch may inflict minor irresistible
                  | damage on your foes. [demonic ancestry]
   491 | D:1      | Reached XP level 2. HP: 18/22 MP: 2/2
   494 | D:1      | Reached skill level 4 in Stealth
   603 | D:1      | Quit the game

Illustrated notes

Levels and vault maps discovered:
D:1:      amcnicky_arrival_abandoned_market, layout_basic, serial_curves,
          eino_curves_03, eino_curves_04, dreamdust_ecumenical_altar_grove,
          serial_shops, nicolae_shop_trees

Skill      XL: |  1  2 |
---------------+-------+-----
Throwing       | 2 |  2.0
Stealth        | 4 |  4.0
Fighting       | |  2.1
Short Blades   | |  1.8
Dodging        | |  0.8

Action                   || total
-------------------------++-------
Melee: Dagger            ||    24
 Stab: Sleeping          ||     3
Armor: Robe              ||     5
Dodge: Dodged            ||    19
